 Dungeon Crawl Stone Soup version 0.27.1-33-g824d729ab1 (webtiles) character file.

Game seed: 2540951224757879854

2043 bearlyready the Insei (level 9, -4/67 HPs)
             Began as a Gnoll Transmuter on Nov 25, 2021.
             Was a Believer of Nemelex Xobeh.
             Slain by a tengu warrior (5 damage)
             ... on level 8 of the Dungeon.
             The game lasted 00:09:42 (6051 turns).

bearlyready the Insei (Gnoll Transmuter)            Turns: 6051, Time: 00:09:42

Health: -4/67      AC:  2    Str: 10    XL:     9   Next: 24%
Magic:  15/18      EV: 23    Int: 15    God:    Nemelex Xobeh [**....]
Gold:   347        SH:  0    Dex: 18    Spells: 13/21 levels left

rFire    . . .     SeeInvis .     - Unarmed
rCold    . . .     Faith    .   (shield currently unavailable)
rNeg     . . .     Spirit   .   (armour currently unavailable)
rPois    x         Reflect  .   (helmet currently unavailable)
rElec    .         Harm     .   (cloak currently unavailable)
rCorr    .         Rampage  .   (gloves currently unavailable)
Will     .....                  (boots currently unavailable)
Stlth    +++.......             k - amulet of regeneration
HPRegen  1.21/turn              (no ring)
MPRegen  0.16/turn              (no ring)

@: spider-form
A: venomous fangs, tiny, (fangs 1), strong nose, distributed training
a: End Transformation, Renounce Religion, Draw Escape, Draw Destruction, Draw
Summoning


You were on level 8 of the Dungeon.
You worshipped Nemelex Xobeh.
Nemelex Xobeh was pleased with you.
You were a venomous arachnid creature.
You visited 2 branches of the dungeon, and saw 9 of its levels.
You also visited: Sewer.

You collected 347 gold pieces.

Inventory:

Hand Weapons
 b - a +0 spear (melded)
Missiles
 c - 114 stones (quivered)
 l - 71 arrows
 n - 26 poisoned darts
 p - 32 sling bullets
 q - 2 javelins
 s - 2 boomerangs of dispersal
 v - 6 atropa-tipped darts
 A - 2 curare-tipped darts
 J - 23 bolts
Armour
 a - a +0 robe
 e - a +0 leather armour
 f - a +1 leather armour of willpower (melded)
 r - a +2 pair of boots (melded)
 M - a +2 chain mail of cold resistance
Jewellery
 k - an amulet of regeneration (around neck)
Wands
 j - a wand of mindburst (9)
 E - a wand of digging (2)
 F - a wand of flame (12)
 H - a wand of charming (6)
 I - a wand of acid (4)
Scrolls
 d - 2 scrolls of enchant weapon
 o - 4 scrolls of vulnerability
 t - a scroll of fog {unknown}
 u - 2 scrolls of teleportation
 w - a scroll of blinking
 x - a scroll of noise {unknown}
 y - 2 scrolls of fear {unknown}
 B - a scroll of brand weapon {unknown}
 C - a scroll of summoning {unknown}
 G - a scroll of amnesia {unknown}
 K - a scroll of enchant armour {unknown}
Potions
 g - a potion of flight {unknown}
 h - 2 potions of heal wounds
 i - a potion of haste
 m - a potion of berserk rage
 z - a potion of magic {unknown}
 D - a potion of invisibility {unknown}
 L - a potion of brilliance {unknown}


   Skills:
 + Level 4.9 Fighting
 + Level 4.0 Short Blades
 + Level 4.0 Long Blades
 + Level 4.0 Axes
 + Level 4.0 Maces & Flails
 + Level 4.0 Polearms
 + Level 4.0 Staves
 + Level 4.0 Slings
 + Level 4.0 Bows
 + Level 4.0 Crossbows
 + Level 4.0 Throwing
 + Level 4.0 Armour
 + Level 6.2 Dodging
 + Level 4.0 Stealth
 + Level 4.0 Shields
 + Level 7.8 Unarmed Combat
 + Level 6.5 Spellcasting
 + Level 3.3 Conjurations
 + Level 3.3 Hexes
 + Level 3.3 Summonings
 + Level 3.3 Necromancy
 + Level 3.3 Translocations
 + Level 5.1 Transmutations
 + Level 3.3 Fire Magic
 + Level 3.3 Ice Magic
 + Level 3.3 Air Magic
 + Level 3.3 Earth Magic
 + Level 3.3 Poison Magic
 + Level 4.4 Invocations
 + Level 4.0 Evocations


You had 13 spell levels left.
You knew the following spells:

 Your Spells              Type           Power      Damage    Failure   Level
a - Beastly Appendage     Tmut           40%        N/A       7%          1
b - Wereblood             Tmut           20%        N/A       10%         2
c - Blink                 Tloc           N/A        N/A       16%         2
d - Spider Form           Tmut/Pois      8%         N/A       21%         3

Your spell library contained the following spells:

 Spells                   Type           Power      Damage    Failure   Level
 Summon Small Mammal      Summ           56%        N/A       12%         1
 Ignite Poison            Fire/Tmut/Pois 16%        N/A       22%         3
 Call Canine Familiar     Summ           14%        N/A       26%         3
 Lesser Beckoning         Tloc           7%         N/A       26%         3
 Mephitic Cloud           Conj/Pois/Air  14%        N/A       26%         3
 Summon Guardian Golem    Hex/Summ       14%        N/A       26%         3
 Ice Form                 Ice/Tmut       17%        N/A       45%         4
 Bolt of Magma            Conj/Fire/Erth 7%         4d6       86%         5
 Manifold Assault         Tloc           14%        N/A       86%         5
 Orb of Destruction       Conj           7%         9d3       100%        7
 Spellforged Servitor     Conj/Summ      7%         N/A       100%        7


Dungeon Overview and Level Annotations

Branches:
Dungeon (8/15)             Temple (1/1) D:4           Sewer (visited)
   Lair: D:8-11

Altars:
Ashenzari
Cheibriados
Dithmenos
Fedhas
Gozag
Hepliaklqana
Kikubaaqudgha
Nemelex Xobeh
Okawaru
Qazlal
Ru
Sif Muna
Trog
Uskayaw
Vehumet
Wu Jian
Xom
Yredelemnul
Zin
The Shining One
Beogh

Shops:
D:4 *

Annotations:
D:8 Maurice


Innate Abilities, Weirdness & Mutations

You are a venomous arachnid creature.
You have poisonous fangs.
You are tiny and dextrous.
Your spellcasting is less reliable in this form.
Your armour is entirely melded.
You are incapable of wielding weapons or throwing items.
((You have very sharp teeth.))
Your uncanny sense of smell can sniff out nearby items.
Your experience applies equally to all skills.


Message History

You feel strong-willed.
Magic restored.
Done exploring.
Done exploring.
There is a stone staircase leading down here.
You climb downwards.
Level annotation: Maurice
There is a stone staircase leading up here.
The helpless tengu warrior fails to defend itself.
You hit the tengu warrior but do no damage.
You bite the tengu warrior, but do no damage.
The tengu warrior barely misses you. x2
The tengu warrior claws you but does no damage.
Casting: Spider Form (dangerous; 10% risk of failure)
Confirm with . or Enter, or press ? or * to list all spells.
You turn into a venomous arachnid creature.
Your +0 spear melds into your body.
Your +2 pair of boots melds into your body.
Your +1 leather armour of willpower melds into your body.
You feel less strong-willed.
The tengu warrior hits you with a +0 war axe!
The tengu warrior pecks you. The tengu warrior closely misses you.
You hit the tengu warrior.
The tengu warrior is poisoned.
The tengu warrior is lightly wounded.
The tengu warrior hits you with a +0 war axe!!
The tengu warrior pecks you.
The tengu warrior completely misses you.
You draw a card...
You have drawn Wild Magic.
Nothing appears to happen.
The tengu warrior hits you with a +0 war axe!
* * * LOW HITPOINT WARNING * * *
The tengu warrior pecks you.
* * * LOW HITPOINT WARNING * * *
The tengu warrior claws you.
* * * LOW HITPOINT WARNING * * *
You draw a card...
You have drawn Exile.
The tengu warrior hits you with a +0 war axe!
* * * LOW HITPOINT WARNING * * *
The tengu warrior barely misses you. The tengu warrior claws you.
You die...
Your body glows slightly and disappears.

##### ....
.###..##...##....
.......#.........
.......#.........
.......#.........
..?....+>........
#....#.<.# ########
###..P.#.†.###......##
.....P......#.s.......
.....P......#.Q.......
.....P......#.........
............#.........
##..........#.......##
#...P.#°.####.##...#
#...P.#..# #.# +###
#...P. ... ...


You could see a tengu warrior (very poisoned).

Vanquished Creatures
  Sigmund (D:2)
  Eustachio (D:5)
  Menkaure (D:7)
  A water moccasin (D:5)
  An ice beast (D:7)
  An orc warrior (D:5)
  2 black bears
  An ogre (D:5)
  5 kobold brigands
  A scorpion (D:4)
  2 hounds
  A centaur zombie (D:7)
  A gnoll shaman (D:6)
  4 orc priests
  A centaur skeleton (D:4)
  A jelly (D:7)
  Jessica (D:3)
  2 orc wizards
  A hound zombie (D:4)
  A hound skeleton (D:4)
  A howler monkey zombie (D:7)
  3 gnolls (D:6)
  A river rat (Sewer)
  9 adders
  A shadow imp (D:6)
  An adder zombie (D:4)
  5 dart slugs
  10 orcs
  4 bats
  10 endoplasms
  3 giant cockroaches
  5 hobgoblins
  6 jackals (D:3)
  11 kobolds
  9 ball pythons
  2 frilled lizards (D:1)
  3 goblins
  A quokka skeleton (D:4)
  9 rats
124 creatures vanquished.

Vanquished Creatures (others)
  A bullfrog (D:8)
  A quokka (D:6)
2 creatures vanquished.

Grand Total: 126 creatures vanquished

Notes
Turn   | Place    | Note
-------+----------+-------------------------------------------
     0 | D:1      | bearlyready the Gnoll Transmuter began the quest for the
                  | Orb.
     0 | D:1      | Reached XP level 1. HP: 17/17 MP: 6/6
   402 | D:1      | Reached XP level 2. HP: 23/23 MP: 7/7
  1054 | D:2      | Reached XP level 3. HP: 28/28 MP: 7/9
  1095 | D:2      | Learned a level 2 spell: Wereblood
  1098 | D:2      | Learned a level 2 spell: Blink
  1102 | D:2      | Learned a level 3 spell: Spider Form
  1126 | D:2      | Reached skill level 5 in Spellcasting
  1283 | D:2      | Reached skill level 1 in Invocations
  1404 | D:2      | Noticed Sigmund
  1409 | D:2      | Killed Sigmund
  1410 | D:2      | Reached skill level 1 in Short Blades
  1410 | D:2      | Reached skill level 1 in Long Blades
  1410 | D:2      | Reached skill level 1 in Axes
  1410 | D:2      | Reached skill level 1 in Maces & Flails
  1410 | D:2      | Reached skill level 1 in Polearms
  1410 | D:2      | Reached skill level 1 in Staves
  1410 | D:2      | Reached skill level 1 in Slings
  1410 | D:2      | Reached skill level 1 in Bows
  1410 | D:2      | Reached skill level 1 in Crossbows
  1410 | D:2      | Reached skill level 1 in Throwing
  1410 | D:2      | Reached skill level 1 in Armour
  1410 | D:2      | Reached skill level 1 in Stealth
  1410 | D:2      | Reached skill level 1 in Shields
  1410 | D:2      | Reached skill level 1 in Conjurations
  1410 | D:2      | Reached skill level 1 in Hexes
  1410 | D:2      | Reached skill level 1 in Summonings
  1410 | D:2      | Reached skill level 1 in Necromancy
  1410 | D:2      | Reached skill level 1 in Translocations
  1410 | D:2      | Reached skill level 1 in Fire Magic
  1410 | D:2      | Reached skill level 1 in Ice Magic
  1410 | D:2      | Reached skill level 1 in Air Magic
  1410 | D:2      | Reached skill level 1 in Earth Magic
  1410 | D:2      | Reached skill level 1 in Poison Magic
  1410 | D:2      | Reached skill level 1 in Evocations
  1410 | D:2      | Reached XP level 4. HP: 29/35 MP: 11/11
  1410 | D:2      | Reached XP level 5. HP: 34/41 MP: 12/12
  1591 | D:2      | Found a faded altar of an unknown god.
  1941 | D:3      | Noticed Jessica
  1948 | D:3      | Killed Jessica
  1949 | D:3      | Reached XP level 6. HP: 47/47 MP: 11/13
  2222 | D:3      | Found a hide-covered altar of Uskayaw.
  2790 | D:4      | Found a staircase to the Ecumenical Temple.
  2801 | Temple   | Entered the Ecumenical Temple
  2810 | Temple   | Became a worshipper of Nemelex Xobeh the Trickster
  2946 | D:4      | Reached skill level 5 in Dodging
  2955 | D:4      | Noticed a black bear
  3013 | D:4      | Killed a black bear
  3122 | D:4      | Reached XP level 7. HP: 51/52 MP: 15/15
  3181 | D:4      | Found a basalt altar of Yredelemnul.
  3260 | D:4      | Found Lecubow's Elemental Accessories.
  3280 | D:4      | Reached skill level 7 in Unarmed Combat
  3354 | D:4      | Found a shadowy altar of Dithmenos.
  3924 | D:5      | Entered Level 5 of the Dungeon
  3936 | D:5      | Found a glowing drain.
  3953 | Sewer    | Entered a sewer
  4152 | Sewer    | Reached * piety under Nemelex Xobeh
  4417 | Sewer    | Reached XP level 8. HP: 44/60 MP: 11/16
  4504 | D:5      | Found a bloodstained altar of Trog.
  4629 | D:5      | Found a stormy altar of Qazlal.
  4817 | D:5      | Noticed Eustachio
  4847 | D:5      | Killed Eustachio
  4862 | D:5      | Received a gift from Nemelex Xobeh
  4911 | D:5      | Found a glowing golden altar of the Shining One.
  4926 | D:5      | Found an opulent altar of Gozag.
  5459 | D:6      | Noticed a manticore
  5493 | D:7      | Reached ** piety under Nemelex Xobeh
  5628 | D:7      | Received a gift from Nemelex Xobeh
  5638 | D:7      | Noticed Menkaure
  5640 | D:7      | Killed Menkaure
  5641 | D:7      | Reached skill level 5 in Transmutations
  5641 | D:7      | Reached XP level 9. HP: 66/66 MP: 18/18
  5892 | D:7      | Found a glowing silver altar of Zin.
  5893 | D:7      | Noticed an angel
  6006 | D:8      | Noticed Maurice
  6046 | D:8      | Noticed a tengu warrior
  6051 | D:8      | HP: 1/67 [tengu warrior (10)]
  6051 | D:8      | Slain by a tengu warrior

Illustrated notes

Levels and vault maps discovered:
D:1:      heliophobic_arrival_dark_side_of_the_moon, layout_basic
D:2:      layout_loops_ring, ebering_ecumenical_altar_webs, uniq_sigmund
D:3:      layout_loops_ring, nicolae_uskayaw_dance_hall, serial_glass,
          glass_columns_a, glass_columns_a, kennysheep_generic_room_8,
          uniq_crazy_yiuf_cottage, uniq_jessica
D:4:      layout_layer_cave, grunt_dithmenos_smoke_and_mirrors,
          lemuel_zombie_altar_yredelemnul, minmay_temple_entry_stoned_glass,
          minmay_misc_feat_tower, nicolae_elemental_shop
D:5:      layout_basic, general_overflow_altar, mainiacjoe_overflow_alcove_4,
          amcnicky_altar_gilded, mainiacjoe_overflow_surrounded_room,
          portal_sewer_entry_d, grunt_decor_one_mirror, uniq_eustachio
D:6:      layout_loops_corners, elyvilon_altar_4, hangedman_decor_peaks_small,
          roderic_roman_lattice, minmay_crystal_water, st_stairs_4, kb_rosetta,
          uniq_grinder
D:7:      layout_rooms, zin_angel, david_defended_altar_orc, uniq_menkaure
D:8:      layout_gridville, mainiacjoe_overflow_boulevard, serial_shops,
          nicolae_shop_behind_doors, chequers_serial_rivers_marsh, uniq_maurice,
          uniq_maggie, uniq_harold, uniq_erica
Temple:   nicolae_temple_no_exploring_needed

Skill      XL: |  1  2  3  4  5  6  7  8  9 |
---------------+----------------------------+-----
Spellcasting   | 5 6 |  6.5
Invocations    | 1 2 3 4 |  4.4
Fighting       | 3 4 |  4.9
Short Blades   | 1 2 3 4 |  4.0
Long Blades    | 1 2 3 4 |  4.0
Axes           | 1 2 3 4 |  4.0
Maces & Flails | 1 2 3 4 |  4.0
Polearms       | 1 2 3 4 |  4.0
Staves         | 1 2 3 4 |  4.0
Slings         | 1 2 3 4 |  4.0
Bows           | 1 2 3 4 |  4.0
Crossbows      | 1 2 3 4 |  4.0
Throwing       | 1 2 3 4 |  4.0
Armour         | 1 2 3 4 |  4.0
Stealth        | 1 2 3 4 |  4.0
Shields        | 1 2 3 4 |  4.0
Conjurations   | 1 2 3 |  3.3
Hexes          | 1 2 3 |  3.3
Summonings     | 1 2 3 |  3.3
Necromancy     | 1 2 3 |  3.3
Translocations | 1 2 3 |  3.3
Transmutations | 4 5 |  5.1
Fire Magic     | 1 2 3 |  3.3
Ice Magic      | 1 2 3 |  3.3
Air Magic      | 1 2 3 |  3.3
Earth Magic    | 1 2 3 |  3.3
Poison Magic   | 1 2 3 |  3.3
Evocations     | 1 2 3 4 |  4.0
Dodging        | 5 6 |  6.2
Unarmed Combat | 7 |  7.8

Action                   |  1- 3 |  4- 6 |  7- 9 || total
-------------------------+-------+-------+-------++-------
Melee: Spear             |   102 |   168 |   164 ||   434
       Bite              |     6 |    13 |    11 ||    30
       Kick              |     4 |     8 |       ||    12
       Punch             |     1 |     3 |     6 ||    10
       Headbutt          |     1 |     4 |       ||     5
       Unarmed           |       |       |   123 ||   123
Throw: Dart              |       |    10 |       ||    10
       Stone             |       |     4 |       ||     4
 Cast: Beastly Appendage |     8 |     6 |       ||    14
       Wereblood         |     1 |     3 |    12 ||    16
       Spider Form       |       |       |    20 ||    20
       Blink             |       |       |     3 ||     3
Invok: Draw Destruction  |       |       |     4 ||     4
       Draw Escape       |       |       |     1 ||     1
Evoke: Wand              |     4 |     1 |     8 ||    13
  Use: Scroll            |       |       |     5 ||     5
       Potion            |       |       |     3 ||     3
 Stab: Sleeping          |     3 |     3 |     2 ||     8
Armor: Robe              |     2 |       |       ||     2
       Leather armour    |    11 |    63 |    54 ||   128
       Skin              |       |       |     5 ||     5
Dodge: Dodged            |    43 |   137 |   201 ||   381
